| TOP OF THE 1ST |
|
Montreal Expos batting - Pitching for Texas Rangers : LHP Alfonso Guillen
|
|
Pitching: LHP Alfonso Guillen
|
|
|
Batting: LHB Bill McGregor
|
0-0: Ball 1-0: SOLO HOME RUN (Flyball, 89XD, EV 108.1 MPH), Distance : 414 ft
|
|
Batting: RHB Steve French
|
0-0: Ball 1-0: Foul Ball, location: 2F 1-1: Called Strike 1-2: Ball 2-2: Strikes out swinging
|
|
Batting: RHB Jonathan Fraire
|
0-0: Ball 1-0: Foul Ball, location: 2F 1-1: Foul Ball, location: 2F 1-2: Ball 2-2: Ball 3-2: Foul Ball, location: 2F 3-2: Strikes out swinging
|
|
Batting: RHB John Ham
|
0-0: Called Strike 0-1: Ball 1-1: Swinging Strike 1-2: Ball 2-2: Ball 3-2: Base on Balls
|
|
Batting: RHB Tommy Mize
|
0-0: Ball 1-0: Foul Ball, location: 2F 1-1: Foul Ball, location: 2F 1-2: Ball 2-2: Ball 3-2: Base on Balls John Ham to second
|
|
Batting: LHB Austin Ohmer
|
0-0: Called Strike 0-1: Foul Ball, location: 2F 0-2: Ball 1-2: Strikes out looking
|
| Top of the 1st over - 1 run, 1 hit, 0 errors, 2 left on base; Montreal 1 - Texas 0 |
| BOTTOM OF THE 1ST |
|
Texas Rangers batting - Pitching for Montreal Expos : RHP Jose Robles
|
|
Pitching: RHP Jose Robles
|
|
|
Batting: LHB Sean Geisler
|
0-0: Called Strike 0-1: Ball 1-1: Ball 2-1: Ball 3-1: Base on Balls
|
|
Batting: RHB Marc Peckermark
|
0-0: Called Strike Sean Geisler is caught stealing 2nd base 2-4 0-1: Foul Ball, location: 2F 0-2: Ball 1-2: Strikes out looking
|
|
Batting: RHB Zhao-ji Chi
|
0-0: Ball 1-0: Fly out, F8 (Flyball, 89S, EV 95.6 MPH)
|
| Bottom of the 1st over - 0 runs, 0 hits, 0 errors, 0 left on base; Montreal 1 - Texas 0 |
| TOP OF THE 2ND |
|
Montreal Expos batting - Pitching for Texas Rangers : LHP Alfonso Guillen
|
|
Batting: RHB Danny Diaz
|
0-0: Called Strike 0-1: Swinging Strike 0-2: Foul Ball, location: 2F 0-2: Ball 1-2: Ball 2-2: Foul Ball, location: 2F 2-2: Ball 3-2: Ground out 4-3 (Groundball, 4, EV 88.1 MPH)
|
|
Batting: RHB Eugênio Asceno
|
0-0: Called Strike 0-1: Ball 1-1: Called Strike 1-2: Ground out 6-3 (Groundball, 6, EV 80.6 MPH)
|
|
Batting: SHB Lou Kroneman
|
0-0: Ground out 4-3 (Groundball, 4S, EV 86.2 MPH)
|
| Top of the 2nd over - 0 runs, 0 hits, 0 errors, 0 left on base; Montreal 1 - Texas 0 |
| BOTTOM OF THE 2ND |
|
Texas Rangers batting - Pitching for Montreal Expos : RHP Jose Robles
|
|
Batting: SHB John Giesbrecht
|
0-0: Called Strike 0-1: Swinging Strike 0-2: Ground out 1-3 (Groundball, 34S, EV 76.9 MPH)
|
|
Batting: RHB Imbart Faber
|
0-0: Foul Ball, location: 2F 0-1: Swinging Strike 0-2: Ball 1-2: Ball 2-2: Foul Ball, location: 2F 2-2: Foul Ball, location: 2F 2-2: Strikes out swinging
|
|
Batting: RHB Masashi Yukizawa
|
0-0: Ball 1-0: Ground out 6-3 (Groundball, 6, EV 104.4 MPH)
|
| Bottom of the 2nd over - 0 runs, 0 hits, 0 errors, 0 left on base; Montreal 1 - Texas 0 |
| TOP OF THE 3RD |
|
Montreal Expos batting - Pitching for Texas Rangers : LHP Alfonso Guillen
|
|
Batting: LHB Bill McGregor
|
0-0: Called Strike 0-1: Foul Ball, location: 2F 0-2: Strikes out swinging
|
|
Batting: RHB Steve French
|
0-0: Called Strike 0-1: Ball 1-1: Ball 2-1: Foul Ball, location: 2F 2-2: Fly out, F8 (Flyball, 8RD, EV 90.0 MPH)
|
|
Batting: RHB Jonathan Fraire
|
0-0: Ball 1-0: Ball 2-0: Ground out 6-3 (Groundball, 6, EV 86.9 MPH)
|
| Top of the 3rd over - 0 runs, 0 hits, 0 errors, 0 left on base; Montreal 1 - Texas 0 |
| BOTTOM OF THE 3RD |
|
Texas Rangers batting - Pitching for Montreal Expos : RHP Jose Robles
|
|
Batting: SHB Tony Prado
|
0-0: Ball 1-0: Foul Ball, location: 2F 1-1: Ball 2-1: SOLO HOME RUN (Flyball, 9D, EV 100.6 MPH), Distance : 385 ft
|
|
Batting: RHB Hiroshige Yamada
|
0-0: Swinging Strike 0-1: Ball 1-1: Ball 2-1: Called Strike 2-2: Foul Ball, location: 2F 2-2: Ball 3-2: Strikes out swinging
|
|
Batting: LHB Jake Rheaume
|
0-0: Ball 1-0: SINGLE (Groundball, 56, EV 106.9 MPH) (infield hit)
|
|
Batting: LHB Sean Geisler
|
0-0: Called Strike 0-1: Ball 1-1: Swinging Strike 1-2: Ball 2-2: Grounds into double play, 6-4-3 (Groundball, 6, EV 91.9 MPH)
|
| Bottom of the 3rd over - 1 run, 2 hits, 0 errors, 0 left on base; Montreal 1 - Texas 1 |
| TOP OF THE 4TH |
|
Montreal Expos batting - Pitching for Texas Rangers : LHP Alfonso Guillen
|
|
Batting: RHB John Ham
|
0-0: Ball 1-0: Ball 2-0: Ball 3-0: Base on Balls
|
|
Batting: RHB Tommy Mize
|
0-0: Foul Ball, location: 2F 0-1: Ball 1-1: Called Strike 1-2: Ball 2-2: SINGLE (Groundball, 6MD, EV 103.1 MPH) John Ham to second
|
|
Batting: LHB Austin Ohmer
|
0-0: Called Strike 0-1: Ball 1-1: Grounds into double play, 4-6-3 (Groundball, 4, EV 101.9 MPH) John Ham to third
|
|
Batting: RHB Danny Diaz
|
0-0: Ground out 6-3 (Groundball, 6, EV 87.5 MPH)
|
| Top of the 4th over - 0 runs, 1 hit, 0 errors, 1 left on base; Montreal 1 - Texas 1 |
| BOTTOM OF THE 4TH |
|
Texas Rangers batting - Pitching for Montreal Expos : RHP Jose Robles
|
|
Batting: RHB Marc Peckermark
|
0-0: Called Strike 0-1: Fly out, F9 (Flyball, 9D, EV 96.2 MPH)
|
|
Batting: RHB Zhao-ji Chi
|
0-0: Ball 1-0: Called Strike 1-1: Ground out 6-3 (Groundball, 6, EV 82.5 MPH)
|
|
Batting: SHB John Giesbrecht
|
0-0: Called Strike 0-1: Ball 1-1: Ground out U3 (Groundball, 34S, EV 89.4 MPH)
|
| Bottom of the 4th over - 0 runs, 0 hits, 0 errors, 0 left on base; Montreal 1 - Texas 1 |
| TOP OF THE 5TH |
|
Montreal Expos batting - Pitching for Texas Rangers : LHP Alfonso Guillen
|
|
Batting: RHB Eugênio Asceno
|
0-0: Ball 1-0: Swinging Strike 1-1: Ball 2-1: Ball 3-1: Base on Balls
|
|
Batting: SHB Lou Kroneman
|
0-0: Ball 1-0: Called Strike 1-1: Reached on error, E5 (Groundball, 56, EV 88.8 MPH) Eugênio Asceno to second
|
|
Batting: LHB Bill McGregor
|
0-0: Foul Ball, location: 2F 0-1: Foul Ball, location: 2F 0-2: Strikes out looking
|
|
Batting: RHB Steve French
|
0-0: Ball 1-0: Called Strike 1-1: Ball 2-1: Ball 3-1: Foul Ball, location: 2F 3-2: Base on Balls Eugênio Asceno to third Lou Kroneman to second
|
|
Batting: RHB Jonathan Fraire
|
0-0: Called Strike 0-1: Swinging Strike 0-2: Fly out, F8 (Flyball, 8LM, EV 83.8 MPH)
|
|
Batting: RHB John Ham
|
0-0: Ball 1-0: Foul Ball, location: 2F 1-1: Fielders Choice at 2nd, 6-4 (Groundball, 6, EV 85.6 MPH)
|
| Top of the 5th over - 0 runs, 0 hits, 1 error, 3 left on base; Montreal 1 - Texas 1 |
| BOTTOM OF THE 5TH |
|
Texas Rangers batting - Pitching for Montreal Expos : RHP Jose Robles
|
|
Batting: RHB Imbart Faber
|
0-0: Fly out, F7 (Flyball, 7D, EV 103.8 MPH)
|
|
Batting: RHB Masashi Yukizawa
|
0-0: Ball 1-0: Foul Ball, location: 2F 1-1: Called Strike 1-2: Foul Ball, location: 2F 1-2: Ball 2-2: Foul Ball, location: 2F 2-2: Ball 3-2: Base on Balls
|
|
Batting: SHB Tony Prado
|
0-0: Called Strike 0-1: Called Strike 0-2: Ball 1-2: Ball 2-2: Foul Ball, location: 2F 2-2: Fly out, F8 (Flyball, 8LM, EV 95.0 MPH)
|
|
Batting: RHB Hiroshige Yamada
|
0-0: Called Strike 0-1: 2-RUN HOME RUN (Flyball, 78XD, EV 114.4 MPH), Distance : 422 ft
|
|
Batting: LHB Jake Rheaume
|
0-0: Ball 1-0: Called Strike 1-1: Ball 2-1: Ball 3-1: Base on Balls
|
|
Batting: LHB Sean Geisler
|
0-0: Called Strike 0-1: SINGLE (Flyball, 89S, EV 94.4 MPH) Jake Rheaume to second Runner from 2nd tries for 3rd, SAFE, throw by RF made to third
|
|
Batting: RHB Marc Peckermark
|
0-0: Foul Ball, location: 2F 0-1: Ball 1-1: Swinging Strike 1-2: Foul Ball, location: 2F 1-2: Fly out, F8 (Flyball, 8RM, EV 98.8 MPH)
|
| Bottom of the 5th over - 2 runs, 2 hits, 0 errors, 2 left on base; Montreal 1 - Texas 3 |
| TOP OF THE 6TH |
|
Montreal Expos batting - Pitching for Texas Rangers : LHP Alfonso Guillen
|
|
Batting: RHB Tommy Mize
|
0-0: Called Strike 0-1: SINGLE (Line Drive, 9S, EV 111.2 MPH)
|
|
Batting: LHB Austin Ohmer
|
0-0: Ball 1-0: Ball 2-0: Called Strike 2-1: Foul Ball, location: 2F 2-2: Foul Ball, location: 2F 2-2: Foul Ball, location: 2F 2-2: Strikes out looking
|
|
Pitching: RHP Mark Lopez
|
|
|
Pinch Hitting: LHB Mark Marvin
|
0-0: Foul Ball, location: 2F 0-1: Hit by Pitch Tommy Mize to second
|
|
Batting: RHB Eugênio Asceno
|
0-0: Called Strike 0-1: Ball 1-1: Ball 2-1: Foul Ball, location: 2F 2-2: Strikes out swinging
|
|
Batting: SHB Lou Kroneman
|
0-0: Called Strike 0-1: Swinging Strike 0-2: Ball 1-2: Strikes out looking
|
| Top of the 6th over - 0 runs, 1 hit, 0 errors, 2 left on base; Montreal 1 - Texas 3 |
| BOTTOM OF THE 6TH |
|
Texas Rangers batting - Pitching for Montreal Expos : RHP Jose Robles
|
|
Now at 2B: Mark Marvin
|
|
|
Now at SS: Lou Kroneman
|
|
|
Batting: RHB Zhao-ji Chi
|
0-0: Ball 1-0: SOLO HOME RUN (Flyball, 78XD, EV 106.9 MPH), Distance : 416 ft
|
|
Batting: SHB John Giesbrecht
|
0-0: SINGLE (Line Drive, 89S, EV 87.5 MPH)
|
|
Batting: RHB Imbart Faber
|
0-0: Swinging Strike 0-1: Called Strike 0-2: Ground out 4-3 (Groundball, 34, EV 86.9 MPH) John Giesbrecht to second
|
|
Batting: RHB Masashi Yukizawa
|
0-0: Foul Ball, location: 2F 0-1: Ball 1-1: Ball 2-1: Swinging Strike 2-2: Ground out 1-3 (Groundball, 25, EV 70.0 MPH)
|
|
Batting: SHB Tony Prado
|
0-0: SINGLE (Groundball, 34S, EV 75.6 MPH) (infield hit) John Giesbrecht to third
|
|
Batting: RHB Hiroshige Yamada
|
0-0: Called Strike 0-1: Ball 1-1: Ball 2-1: Ball Wild Pitch! John Giesbrecht scores Tony Prado to second 3-1: Called Strike 3-2: Base on Balls
|
|
Pitching: LHP Tris Ross
|
|
|
Batting: LHB Jake Rheaume
|
0-0: Ball 1-0: Foul Ball, location: 2F 1-1: Swinging Strike 1-2: Strikes out swinging
|
| Bottom of the 6th over - 2 runs, 3 hits, 0 errors, 2 left on base; Montreal 1 - Texas 5 |
| TOP OF THE 7TH |
|
Montreal Expos batting - Pitching for Texas Rangers : RHP Mark Lopez
|
|
Pitching: RHP Isaburo Ishihara
|
|
|
Batting: LHB Bill McGregor
|
0-0: Ball 1-0: Ball 2-0: Foul Ball, location: 2F 2-1: Ground out 4-3 (Groundball, 4, EV 80.6 MPH)
|
|
Batting: RHB Steve French
|
0-0: Ball 1-0: Swinging Strike 1-1: Ball 2-1: Foul Ball, location: 2F 2-2: SINGLE (Groundball, 13S, EV 69.4 MPH) (infield hit)
|
|
Batting: RHB Jonathan Fraire
|
0-0: Hit by Pitch Steve French to second
|
|
Batting: RHB John Ham
|
0-0: Ball 1-0: Ball 2-0: Fly out, F7 (Flyball, 7S, EV 97.5 MPH)
|
|
Pinch Hitting: LHB Steve Anderson
|
0-0: Ground out 4-3 (Groundball, 4, EV 110.0 MPH)
|
| Top of the 7th over - 0 runs, 1 hit, 0 errors, 2 left on base; Montreal 1 - Texas 5 |
| BOTTOM OF THE 7TH |
|
Texas Rangers batting - Pitching for Montreal Expos : LHP Tris Ross
|
|
Now at 3B: Steve Anderson
|
|
|
Batting: LHB Sean Geisler
|
0-0: Ball 1-0: Foul Ball, location: 2F 1-1: Foul Ball, location: 2F 1-2: Foul Ball, location: 2F 1-2: Foul Ball, location: 2F 1-2: SINGLE (Groundball, 4MD, EV 101.9 MPH)
|
|
Batting: RHB Marc Peckermark
|
0-0: Swinging Strike 0-1: Ball Sean Geisler is caught stealing 2nd base 2-4 1-1: Ball 2-1: SOLO HOME RUN (Flyball, 7D, EV 96.9 MPH), Distance : 380 ft
|
|
Batting: RHB Zhao-ji Chi
|
0-0: Ball 1-0: SOLO HOME RUN (Flyball, 7D, EV 105.0 MPH), Distance : 401 ft
|
|
Batting: SHB John Giesbrecht
|
0-0: Called Strike 0-1: Ball 1-1: Called Strike 1-2: Foul Ball, location: 2F 1-2: Ball 2-2: SINGLE (Line Drive, 89M, EV 106.2 MPH)
|
|
Batting: RHB Imbart Faber
|
0-0: SINGLE (Groundball, 34, EV 85.0 MPH) (infield hit) John Giesbrecht to second
|
|
Batting: RHB Masashi Yukizawa
|
0-0: Swinging Strike 0-1: Ball 1-1: SINGLE (Line Drive, 9S, EV 91.9 MPH) John Giesbrecht to third Imbart Faber to second Runner from 3rd tries for Home, SAFE, throw by RF to home
|
|
Batting: SHB Tony Prado
|
0-0: Ball 1-0: Ball 2-0: Foul Ball, location: 2F 2-1: Ball 3-1: Base on Balls Imbart Faber to third Masashi Yukizawa to second
|
|
Batting: RHB Hiroshige Yamada
|
0-0: Ball 1-0: SINGLE (Groundball, 6MD, EV 103.1 MPH) Imbart Faber scores Masashi Yukizawa to third Tony Prado to second Runner from 3rd tries for Home, SAFE, throw by CF to home
|
|
Pitching: LHP Chris Ross
|
|
|
Batting: LHB Jake Rheaume
|
0-0: Called Strike 0-1: Foul Ball, location: 2F 0-2: Ball 1-2: Strikes out swinging
|
|
Pinch Hitting: RHB Travis Robinson
|
0-0: Fly out, F9 (Flyball, 89M, EV 90.0 MPH)
|
| Bottom of the 7th over - 5 runs, 7 hits, 0 errors, 2 left on base; Montreal 1 - Texas 10 |
| TOP OF THE 8TH |
|
Montreal Expos batting - Pitching for Texas Rangers : RHP Isaburo Ishihara
|
|
Now at 1B: Rich Chavez
|
|
|
Batting: LHB Austin Ohmer
|
0-0: Called Strike 0-1: Called Strike 0-2: Ball 1-2: Ball 2-2: Foul Ball, location: 2F 2-2: Strikes out looking
|
|
Batting: LHB Mark Marvin
|
0-0: Called Strike 0-1: Fly out, F9 (Flyball, 9S, EV 81.9 MPH)
|
|
Batting: RHB Eugênio Asceno
|
0-0: Called Strike 0-1: Foul Ball, location: 2F 0-2: Ball 1-2: Ball 2-2: Strikes out swinging
|
| Top of the 8th over - 0 runs, 0 hits, 0 errors, 0 left on base; Montreal 1 - Texas 10 |
| BOTTOM OF THE 8TH |
|
Texas Rangers batting - Pitching for Montreal Expos : LHP Chris Ross
|
|
Batting: RHB Marc Peckermark
|
0-0: Called Strike 0-1: Foul Ball, location: 2F 0-2: Ball 1-2: Ball 2-2: Foul Ball, location: 2F 2-2: Strikes out swinging
|
|
Batting: RHB Zhao-ji Chi
|
0-0: Ball 1-0: Ball 2-0: Ball 3-0: Called Strike 3-1: Fly out, F6 (Popup, 6MS, EV 73.1 MPH)
|
|
Batting: SHB John Giesbrecht
|
0-0: Called Strike 0-1: Swinging Strike 0-2: Ball 1-2: Foul Ball, location: 2F 1-2: Foul Ball, location: 2F 1-2: Ball 2-2: Ground out U3 (Groundball, 34, EV 85.6 MPH)
|
| Bottom of the 8th over - 0 runs, 0 hits, 0 errors, 0 left on base; Montreal 1 - Texas 10 |
| TOP OF THE 9TH |
|
Montreal Expos batting - Pitching for Texas Rangers : RHP Isaburo Ishihara
|
|
Batting: SHB Lou Kroneman
|
0-0: Called Strike 0-1: Foul Ball, location: 2F 0-2: Strikes out swinging
|
|
Batting: LHB Bill McGregor
|
0-0: Ball 1-0: Called Strike 1-1: Swinging Strike 1-2: Ball 2-2: Ground out U3 (Groundball, 34, EV 86.2 MPH)
|
|
Batting: RHB Steve French
|
0-0: SINGLE (Flyball, 3D, EV 90.6 MPH)
|
|
Batting: RHB Jonathan Fraire
|
0-0: Fielders Choice at 2nd, 6-4 (Groundball, 56, EV 77.5 MPH)
|
| Top of the 9th over - 0 runs, 1 hit, 0 errors, 1 left on base; Montreal 1 - Texas 10 |
|